Map: 어비설 리프 - 래더

Players

Patience - Winner!

  • Race: Protoss Protoss
  • Spawn Location: 11:00

Zest

  • Race: Protoss Protoss
  • Spawn Location: 5:00

Event: IEM XI Katowice - World Championship 2017

VOD

Have the link to the VOD?

Description

Time

  • Played on: March 3, 2017, 12:20 a.m.
  • Length: 3:17

All games in this series

Show
View Real Time Build Order
Export as new Build Order

Patience Protoss - Winner!

Build Orders: Cannon Rush 

Get SALT Encoding   

  12  0:01  Probe (Chrono Boost)  
  13  0:11  Probe (Chrono Boost)  
  14  0:18  Pylon  
  14  0:22  Probe (Chrono Boost)  
  15  0:37  Probe (Chrono Boost)  
  15  0:39  Forge  
  16  0:47  Probe (Chrono Boost)  
  17  0:52  Pylon  
  17  0:58  Probe (Chrono Boost)  
  18  1:12  Photon Cannon  
  18  1:29  Photon Cannon  
  18  1:31  Pylon  
  18  1:34  Pylon  
  18  1:36  Pylon  
  18  1:42  Photon Cannon  
  18  1:50  Photon Cannon  
  18  1:56  Photon Cannon  
  18  2:01  Photon Cannon  
  18  2:09  Gateway  
  18  2:12  Probe (Chrono Boost)  
  19  2:20  Photon Cannon  
  19  2:24  Probe (Chrono Boost)  
  19  2:25  Assimilator  
  20  2:35  Probe (Chrono Boost)  
  21  2:38  Photon Cannon  
  21  2:44  Photon Cannon  
  21  2:55  Photon Cannon  
  21  3:02  Photon Cannon  
  21  3:12  Cybernetics Core  
Show
View Real Time Build Order
Export as new Build Order

Zest Protoss 

Build Orders:  

Get SALT Encoding   

  12  0:00  Probe (Chrono Boost)  
  13  0:11  Probe (Chrono Boost)  
  14  0:17  Pylon  
  14  0:21  Probe (Chrono Boost)  
  15  0:35  Probe (Chrono Boost)  
  16  0:36  Gateway  
  16  0:41  Assimilator  
  16  0:45  Probe (Chrono Boost)  
  17  0:56  Probe (Chrono Boost)  
  18  0:57  Assimilator  
  18  1:04  Gateway  
  18  1:07  Probe (Chrono Boost)  
  19  1:17  Probe (Chrono Boost)  
  20  1:23  Cybernetics Core  
  20  1:28  Probe (Chrono Boost)  
  20  1:30  Zealot  
  22  1:56  Stalker  
  23  2:05  Stalker  
  21  2:26  Stalker  
  22  2:42  Stalker  
  12  3:04  Probe (Chrono Boost)  

Tags
 
Add a new tag
Caveats
  • Supply blocks, unpowered buildings, or Contaminate may cause inaccurate times.
  • Supply counts are checked every 10 seconds.